 Dungeon Crawl Stone Soup version 0.19.0-2-gae57169 (webtiles) character file.

27378 Denox the Warrior (level 13, -18/136 HPs)
             Began as an Ogre Berserker on Nov 5, 2016.
             Was an Elder of Trog.
             Demolished by Rupert
             ... wielding a +4 great mace of protection
              (23 damage)
             ... on level 4 of the Lair of Beasts on Nov 6, 2016.
             The game lasted 00:52:49 (15555 turns).

Denox the Warrior (Ogre Berserker)                 Turns: 15555, Time: 00:52:50

Health: -18/136    AC:  8    Str: 28    XL:     13   Next: 32%
Magic:  13/13      EV: 17    Int:  6    God:    Trog [****..]
Gold:   711        SH:  0    Dex: 12    Spells: 0 memorised, 12 levels left

rFire  + . .     SeeInvis .     U - +0 giant club (flame)
rCold  . . .     Gourm    .     D - +0 troll leather armour
rNeg   . . .     Faith    .     (shield currently unavailable)
rPois  +         Spirit   .     K - +0 hat
rElec  .         Reflect  .     B - +0 cloak
rCorr  .         Harm     .     (gloves unavailable)
MR     +++..                    (boots unavailable)
Stlth  +.........               (no amulet)
                                q - ring of poison resistance
                                n - ring of protection from fire

@: regenerating
A: unfitting armour, antennae 1, icy blue scales 1, agile 1, frail 1,
regeneration 1, tough skin 1
a: Berserk, Trog's Hand, Brothers in Arms, Burn Spellbooks, Renounce Religion


You were on level 4 of the Lair of Beasts.
You worshipped Trog.
Trog was greatly pleased with you.
You were not hungry.

You visited 3 branches of the dungeon, and saw 15 of its levels.
You also visited: Volcano.

You collected 991 gold pieces.
You spent 280 gold pieces at shops.

Inventory:

Hand Weapons
 u - the +8 flail of the Lumpy Mice {drain, rN+}
   (You found it on level 4 of the Dungeon)

   A truly terrible weapon, it drains the life of those it strikes.
   It protects you from negative energy.
 U - a +0 giant club of flaming (weapon)
Missiles
 p - 7 javelins of penetration (quivered)
Armour
 B - a +0 cloak (worn)
 D - a +0 troll leather armour (worn)
 J - a +2 robe of magic resistance
 K - a +0 hat (worn)
Jewellery
 i - an uncursed ring of protection from cold
 n - a ring of protection from fire (left hand)
 q - a ring of poison resistance (right hand)
 r - an uncursed ring of flight
 R - an uncursed ring of positive energy {unknown}
Wands
 b - a wand of lightning (4/15)
 d - a wand of paralysis (17/24)
 m - a wand of iceblast (3/15)
 o - a wand of polymorph (24/24)
 y - a wand of disintegration (0/24)
 A - a wand of lightning (9/15)
 F - a wand of slowing (18/48)
 N - a wand of disintegration (6/24)
 O - a wand of lightning (7/15)
 S - a wand of flame (14/48)
 X - a wand of iceblast (10/15)
Scrolls
 e - 18 scrolls of identify
 h - 3 scrolls of teleportation
 j - 2 scrolls of enchant armour
 t - 4 scrolls of enchant weapon
 w - a scroll of magic mapping
 E - 2 scrolls of fog
 I - 6 scrolls of remove curse
Potions
 a - 3 potions of brilliance
 g - 6 potions of curing
 l - 2 potions of lignification
 s - a potion of cure mutation {unknown}
 v - a potion of might {unknown}
 z - a potion of flight
 H - a potion of cancellation {unknown}
 L - a potion of agility
 V - a potion of heal wounds
 W - a potion of berserk rage {unknown}
Books
 x - a Young Poisoner's Handbook

   Spells                             Type                      Level
   a - Sting                          Conjuration/Poison           1
   b - Mephitic Cloud                 Conjuration/Poison/Air       3
   c - Olgreb's Toxic Radiance        Poison                       4
   d - Alistair's Intoxication        Transmutation/Poison         5
   e - Venom Bolt                     Conjuration/Poison           5
   Trog disapproves of the use of such an item.
Miscellaneous
 G - a lamp of fire
 T - a fan of gales
Comestibles
 c - 6 bread rations
 f - 7 meat rations
 k - 9 chunks of flesh
 C - a slice of pizza
 M - a royal jelly
 P - a beef jerky
 Q - 22 fruits


   Skills:
 - Level 16.1 Fighting
 + Level 9.5 Maces & Flails
 * Level 3.9 Throwing
 - Level 14.7 Dodging


You had 12 spell levels left.
You didn't know any spells.

Dungeon Overview and Level Annotations

Branches:
Dungeon (10/15)            Temple (1/1) D:5            Lair (4/6) D:10
 Shoals (0/4) Lair:2        Snake (0/4) Lair:4          Orc (0/2) D:9

Altars:
Ashenzari
Cheibriados
Dithmenos
Elyvilon
Fedhas
Gozag
Hepliaklqana
Kikubaaqudgha
Makhleb
Nemelex Xobeh
Okawaru
Qazlal
Ru
Sif Muna
Trog
Uskayaw
Vehumet
Xom
Yredelemnul
Zin
The Shining One

Shops:
D:5 =   D:6 =

Annotations:
Lair:4 Rupert


Innate Abilities, Weirdness & Mutations

You are too large for most types of armour.
You have tough skin. (AC +1)
You have a pair of small antennae on your head.
You are partially covered in icy blue scales. (AC +2)
You are agile. (Dex +2)
You are frail. (-10% HP)
Your natural rate of healing is unusually fast.


Message History

Rupert hits you with a great mace of protection!!
You hear an angry hiss.
Rupert barely misses you.
You hear a loud, deep croak!
Rupert rages.
You hear an angry hiss.
You hear a loud, deep croak!
A komodo dragon comes into view.
You hit Rupert. You burn Rupert.
Rupert is lightly wounded.
Rupert hits you with a great mace of protection!!!
You bludgeon Rupert!! You burn Rupert.
Rupert is lightly wounded.
Rupert hits you with a great mace of protection!
Rupert hits you with a great mace of protection!!
* * * LOW HITPOINT WARNING * * *
Rupert hits you with a great mace of protection!!
* * * LOW HITPOINT WARNING * * *
Rupert hits you with a great mace of protection!!
You die...

.####...#####♣≈P)≈P♣ #
.##.#....###≈≈.P.≈P♣P#
...........#PP♣♣.♣♣≈≈#..
........#.##≈♣♣...♣≈.#.#
................>........ .
...........#≈≈♣...♣.≈#....%
...........#≈≈♣♣.♣♣≈♣#.....
.PP.P...####.♣≈..≈P.P# ..P.
...........##≈≈≈@≈≈≈##...P.
.#....P..#.P####@####.....P
................YY{..FY..P.
.#####...#.##..###F##..[...
.#.##...####P.# #.# .Y...
.............. ... .Y..
#P.P#.......P ..... ...
.............. ......< ..
.(......#.#.##.#.#.#... .


You could see Rupert (berserk), 2 yaks and a bullfrog.

Vanquished Creatures
  Gastronok (Lair:2)
  Erolcha (D:9)
  2 hydras (Lair:1)
  2 hill giants (D:10)
  A lindwurm (Lair:3)
  2 salamanders (Volcano)
  Maurice (D:9)
  An elephant (Lair:2)
  4 spiny frogs
  Psyche (D:8)
  A centaur skeleton (D:10)
  2 gargoyles (D:10)
  2 komodo dragons (Lair:3)
  A red devil (Volcano)
  A hornet (D:5)
  2 trolls
  2 blink frogs (Lair:3)
  The ghost of AAAAA the Skirmisher, an amateur OpWr of Vehumet (D:4)
  A two-headed ogre (Volcano)
  2 hippogriffs (Lair:4)
  6 dream sheep (Lair:4)
  4 wyverns
  25 yaks
  A fire bat (Volcano)
  2 basilisks
  A hungry ghost (D:10)
  2 nagas (Lair:4)
  7 swamp worms (Lair:1)
  5 water moccasins
  4 porcupines
  2 hell hounds (Volcano)
  2 orc warriors
  4 ice beasts
  2 sky beasts
  2 black bears
  2 necrophages
  3 ogres
  9 centaurs
  9 wolves
  8 crocodiles
  A big kobold (D:9)
  7 bullfrogs
  A wyvern skeleton (D:6)
  4 scorpions
  A howler monkey (D:9)
  8 wights
  4 electric eels
  A lava snake (D:8)
  2 crimson imps
  2 quasits
  8 orc priests
  6 hounds
  5 jellies
  A bullfrog skeleton (D:6)
  5 orc wizards
  4 iguanas
  3 worker ants (D:5)
  6 adders
  7 gnolls
  A shadow imp (D:10)
  16 worms
  A dart slug (D:2)
  5 leopard geckos
  22 orcs
  9 giant cockroaches
  8 goblins
  8 hobgoblins
  17 jackals
  14 kobolds
  5 quokkas
  4 ball pythons
  7 bats
  9 frilled lizards
  A jackal skeleton (D:5)
  3 quokka skeletons
  14 rats
  A plant (Lair:1)
352 creatures vanquished.

Vanquished Creatures (collateral kills)
  The ghost of donomii the Basher, a journeyman GrAK of Lugonu (Lair:3)
  5 elephants (Lair:2)
  3 blink frogs (Lair:3)
9 creatures vanquished.

Vanquished Creatures (others)
  A two-headed ogre (Volcano)
  2 fungi
  A plant (Lair:1)
4 creatures vanquished.

Grand Total: 365 creatures vanquished

Notes
Turn   | Place    | Note
-------+----------+-------------------------------------------
     0 | D:1      | Denox the Ogre Berserker began the quest for the Orb.
     0 | D:1      | Reached XP level 1. HP: 24/24 MP: 1/1
   188 | D:1      | Reached XP level 2. HP: 32/32 MP: 2/2
   983 | D:2      | Reached XP level 3. HP: 29/40 MP: 3/3
  1003 | D:2      | Reached ** piety under Trog
  1311 | D:2      | Reached skill level 5 in Maces & Flails
  1569 | D:2      | Reached XP level 4. HP: 46/49 MP: 4/4
  1688 | D:2      | Reached skill level 5 in Fighting
  2313 | D:3      | Found a blossoming altar of Fedhas.
  2343 | D:3      | Found a stormy altar of Qazlal.
  2834 | D:3      | Reached XP level 5. HP: 55/57 MP: 5/5
  3193 | D:3      | Reached skill level 6 in Fighting
  3355 | D:3      | Found a deep blue altar of Sif Muna.
  3384 | D:3      | Found a glowing silver altar of Zin.
  3444 | D:4      | Reached *** piety under Trog
  3501 | D:4      | Noticed AAAAA's ghost (amateur OpWr)
  3512 | D:4      | Killed AAAAA's ghost
  3512 | D:4      | Reached skill level 7 in Fighting
  3512 | D:4      | Reached XP level 6. HP: 71/71 MP: 6/6
  4240 | D:4      | Got a brightly glowing flail
  4241 | D:4      | Identified the +8 flail of the Lumpy Mice {drain, rN+} (You found it on level 4 of the Dungeon)
  4260 | D:5      | Entered Level 5 of the Dungeon
  4290 | D:5      | Reached XP level 7. HP: 79/79 MP: 7/7
  4461 | D:5      | Reached skill level 8 in Fighting
  4465 | D:5      | Found a staircase to the Ecumenical Temple.
  4668 | D:5      | Found Wupot's Jewellery Emporium.
  4793 | D:5      | Noticed a hornet
  5200 | Temple   | Entered the Ecumenical Temple
  5389 | D:5      | Killed a hornet
  5389 | D:5      | Reached skill level 9 in Fighting
  5389 | D:5      | Reached XP level 8. HP: 92/92 MP: 8/8
  5642 | D:6      | Found Nuoguf's Jewellery Emporium.
  5650 | D:6      | Bought an uncursed ring of poison resistance for 280 gold pieces
  6065 | D:6      | Reached skill level 5 in Dodging
  6538 | D:7      | Reached skill level 10 in Fighting
  6690 | D:7      | Found a shadowy altar of Dithmenos.
  6764 | D:7      | Reached XP level 9. HP: 97/101 MP: 9/9
  7134 | D:7      | Reached **** piety under Trog
  7469 | D:8      | Reached skill level 11 in Fighting
  7596 | D:8      | Noticed Psyche
  7606 | D:8      | Killed Psyche
  8299 | D:8      | Reached XP level 10. HP: 115/115 MP: 10/10
  8510 | D:9      | Found a staircase to the Orcish Mines.
  8607 | D:9      | Found a snail-covered altar of Cheibriados.
  8609 | D:9      | Noticed Erolcha
  8642 | D:9      | Noticed Maurice
  8647 | D:9      | Killed Maurice
  8647 | D:9      | Reached skill level 12 in Fighting
  8660 | D:9      | Killed Erolcha
  8970 | D:9      | Reached skill level 10 in Dodging
  9248 | D:9      | Reached skill level 13 in Fighting
  9346 | D:10     | Entered Level 10 of the Dungeon
  9347 | D:10     | Noticed a hill giant
  9350 | D:10     | Killed a hill giant
  9352 | D:10     | Noticed a hill giant
  9398 | D:10     | Killed a hill giant
  9398 | D:10     | Reached XP level 11. HP: 127/127 MP: 11/11
  9519 | D:10     | Reached ***** piety under Trog
 10172 | D:10     | Gained mutation: Your natural rate of healing is unusually fast. [mutagenic meat]
 10173 | D:10     | Gained mutation: You are frail. (-10% HP) [mutagenic meat]
 10174 | D:10     | Gained mutation: You are agile. (Dex +2) [mutagenic meat]
 10175 | D:10     | Gained mutation: You are partially covered in icy blue scales. (AC +2) [mutagenic meat]
 10176 | D:10     | Gained mutation: You have a pair of small antennae on your head. [mutagenic meat]
 10371 | D:10     | Found a staircase to the Lair.
 10664 | Lair:1   | Entered Level 1 of the Lair of Beasts
 10689 | Lair:1   | Reached skill level 14 in Fighting
 10863 | Lair:1   | Noticed a seven-headed hydra
 10872 | Lair:1   | Killed a seven-headed hydra
 11376 | Lair:1   | Noticed an eight-headed hydra
 11383 | Lair:1   | Killed an eight-headed hydra
 11383 | Lair:1   | Reached XP level 12. HP: 111/126 MP: 12/12
 12199 | Lair:2   | Reached skill level 15 in Fighting
 12742 | Lair:2   | Noticed Gastronok
 12796 | Lair:2   | Killed Gastronok
 13061 | Lair:2   | Found a staircase to the Shoals.
 13714 | Lair:3   | Noticed donomii's ghost (journeyman GrAK)
 13727 | Lair:3   | Killed donomii's ghost
 13782 | Lair:3   | Found a dark tunnel.
 13856 | Volcano  | Entered a volcano
 13907 | Volcano  | Reached skill level 16 in Fighting
 13917 | Volcano  | Reached XP level 13. HP: 96/136 MP: 13/13
 14350 | Lair:3   | Received a gift from Trog
 14589 | Lair:3   | Reached skill level 1 in Throwing
 15509 | Lair:4   | Found a staircase to the Snake Pit.
 15542 | Lair:4   | Noticed Rupert
 15554 | Lair:4   | HP: 3/136 [Rupert/great mace of protection (24)]
 15555 | Lair:4   | Demolished by Rupert

Skill      XL: |  1  2  3  4  5  6  7  8  9 10 11 12 13 |
---------------+----------------------------------------+-----
Dodging        | 3 4 6 8 11 12 14 | 14.7
Maces & Flails | 5 7 8 9 |  9.5
Fighting       | 5 7 9 10 11 13 14 16 | 16.1
Throwing       | 3 |  3.9

Action                   |  1- 3 |  4- 6 |  7- 9 | 10-12 | 13-15 || total
-------------------------+-------+-------+-------+-------+-------++-------
Melee: Mace              |   134 |       |       |       |       ||   134
       Whip              |     7 |   159 |       |       |       ||   166
       Flail             |       |     4 |   193 |   508 |    93 ||   798
       Giant club        |       |       |       |       |    29 ||    29
Throw: Javelin           |       |       |       |       |     4 ||     4
Invok: Trog's Hand       |     1 |     3 |     2 |     8 |     3 ||    17
       Berserk           |       |     2 |     2 |     6 |       ||    10
       Brothers in Arms  |       |       |       |     3 |     1 ||     4
Evoke: Wand              |       |       |       |     4 |     5 ||     9
  Use: Scroll            |       |     8 |     6 |     5 |       ||    19
       Potion            |       |     5 |     1 |     2 |     1 ||     9
 Stab: Sleeping          |       |       |       |       |     1 ||     1
  Eat: Chunk             |     2 |     8 |    13 |    31 |     8 ||    62
       Fruit             |       |     4 |       |     1 |       ||     5
       Beef jerky        |       |       |     2 |     1 |       ||     3
Armor: Animal skin       |    56 |    38 |    36 |    18 |       ||   148
       Robe              |       |       |       |     4 |       ||     4
       Troll leather arm |       |       |       |    90 |    22 ||   112
       Skin              |       |       |       |       |    23 ||    23
Dodge: Dodged            |    79 |    62 |    87 |   351 |    99 ||   678
